MWL (24 & UNDER)
ERIE JAXX @ LEE'S SUMMIT TIGERS
08/10/2027
 
TOP OF THE 1ST
Erie Jaxx batting - Pitching for Lee's Summit Tigers : LHP Jeff Sandusky
Pitching: LHP Jeff Sandusky
Batting: RHB Júlio Hernández 0-0: Ball
1-0: Foul Ball, location: 2F
1-1: Foul Ball, location: 2F
1-2: Ground out 6-3 (Groundball, 56)
Batting: SHB José Durango 0-0: Ball
1-0: Called Strike
1-1: Foul Ball, location: 2F
1-2: Foul Ball, location: 2F
1-2: Strikes out swinging
Batting: SHB Michael Field 0-0: Ball
1-0: Fly out, F8 (Flyball, 8RD)
Top of the 1st over - 0 run(s), 0 hit(s), 0 error(s), 0 left on base; Erie 0 - Lee's Summit 0
BOTTOM OF THE 1ST
Lee's Summit Tigers batting - Pitching for Erie Jaxx : LHP Francisco Rodríguez
Pitching: LHP Francisco Rodríguez
Batting: RHB Kyle Baylor 0-0: Ball
1-0: Called Strike
1-1: Foul Ball, location: 2F
1-2: Strikes out swinging
Batting: RHB Steven Wright 0-0: Called Strike
0-1: Foul Ball, location: 2F
0-2: Ball
1-2: Ground out 6-3 (Groundball, 6)
Batting: SHB Juan Glaviz 0-0: Ground out 4-3 (Groundball, 4)
Bottom of the 1st over - 0 run(s), 0 hit(s), 0 error(s), 0 left on base; Erie 0 - Lee's Summit 0
TOP OF THE 2ND
Erie Jaxx batting - Pitching for Lee's Summit Tigers : LHP Jeff Sandusky
Batting: LHB Josh Pérez 0-0: Foul Ball, location: 2F
0-1: Foul Ball, location: 2F
0-2: Ball
1-2: Ball
2-2: Strikes out swinging
Batting: LHB Kyle Robbins 0-0: Ball
1-0: Foul Ball, location: 2F
1-1: Foul Ball, location: 2F
1-2: Foul Ball, location: 2F
1-2: Foul Ball, location: 2F
1-2: Strikes out swinging
Batting: RHB Andrés Silva 0-0: Called Strike
0-1: Ground out 4-3 (Groundball, 4)
Top of the 2nd over - 0 run(s), 0 hit(s), 0 error(s), 0 left on base; Erie 0 - Lee's Summit 0
BOTTOM OF THE 2ND
Lee's Summit Tigers batting - Pitching for Erie Jaxx : LHP Francisco Rodríguez
Batting: RHB César Martínez 0-0: Foul Ball, location: 2F
0-1: Swinging Strike
0-2: Ball
1-2: Ball
2-2: Foul Ball, location: 2F
2-2: Ball
3-2: Base on Balls
Batting: RHB Jesús Ramos 0-0: Foul Ball, location: 2F
0-1: Swinging Strike
0-2: Ball
1-2: Strikes out swinging
Batting: LHB Dale Miller 0-0: Ball
1-0: Ball
2-0: Foul Ball, location: 2F
2-1: Foul Ball, location: 2F
2-2: Ball
3-2: Strikes out looking
Batting: RHB Steve Johnson 0-0: Foul Ball, location: 2F
0-1: 2-RUN HOME RUN (Flyball, 8LD), Distance : 399 ft
Batting: RHB Salvador Rodríguez 0-0: Foul Ball, location: 2F
0-1: Called Strike
0-2: Ball
1-2: Fly out, F9 (Flyball, 9S)
Bottom of the 2nd over - 2 run(s), 1 hit(s), 0 error(s), 0 left on base; Erie 0 - Lee's Summit 2
TOP OF THE 3RD
Erie Jaxx batting - Pitching for Lee's Summit Tigers : LHP Jeff Sandusky
Batting: RHB José Hernández 0-0: DOUBLE (Line Drive, 7LM)
Batting: RHB Ángel Serrano 0-0: Foul Ball, location: 2F
0-1: Foul Ball, location: 2F
0-2: Hit by Pitch
Batting: RHB Ed Keesee 0-0: Ball
1-0: Foul Ball, location: 2F
1-1: Called Strike
1-2: Strikes out swinging
Batting: RHB Júlio Hernández 0-0: Ball
1-0: Called Strike
1-1: DOUBLE (Groundball, 5L)
José Hernández scores
Ángel Serrano to third
Batting: SHB José Durango 0-0: Ball
1-0: Ball
2-0: Ball
3-0: Base on Balls
Batting: SHB Michael Field 0-0: Swinging Strike
0-1: Ball
1-1: Ball
2-1: Called Strike
2-2: Foul Ball, location: 2F
2-2: Foul Ball, location: 2F
2-2: Strikes out swinging
Batting: LHB Josh Pérez 0-0: Fly out, F4 (Flyball, 4D)
Top of the 3rd over - 1 run(s), 2 hit(s), 0 error(s), 3 left on base; Erie 1 - Lee's Summit 2
BOTTOM OF THE 3RD
Lee's Summit Tigers batting - Pitching for Erie Jaxx : LHP Francisco Rodríguez
Batting: RHB Hubert MacDonald 0-0: Foul Ball, location: 2F
0-1: Swinging Strike
0-2: Ball
1-2: Strikes out looking
Batting: RHB Kyle Baylor 0-0: Called Strike
0-1: Ground out 4-3 (Groundball, 4M)
Batting: RHB Steven Wright 0-0: Ball
1-0: Foul Ball, location: 2F
1-1: Called Strike
1-2: Fly out, F1 (Line Drive, 13)
Bottom of the 3rd over - 0 run(s), 0 hit(s), 0 error(s), 0 left on base; Erie 1 - Lee's Summit 2
TOP OF THE 4TH
Erie Jaxx batting - Pitching for Lee's Summit Tigers : LHP Jeff Sandusky
Batting: LHB Kyle Robbins 0-0: Ball
1-0: SINGLE (Groundball, 4MD)
Batting: RHB Andrés Silva 0-0: Ball
1-0: Ball
2-0: Called Strike
2-1: Reached on error, E4 (Groundball, 4MS)
Kyle Robbins to second
Batting: RHB José Hernández 0-0: Ball
1-0: Called Strike
1-1: Ball
Kyle Robbins steals 3rd base
Andrés Silva to second
2-1: Foul Ball, location: 2F
2-2: Strikes out swinging
Batting: RHB Ángel Serrano 0-0: Ball
1-0: Foul Ball, location: 2F
1-1: Ball
2-1: Foul Ball, location: 2F
2-2: Ball
3-2: Foul Ball, location: 2F
3-2: Ground out 1-3 (Groundball, 13)
Batting: RHB Ed Keesee 0-0: Called Strike
0-1: 3-RUN HOME RUN (Flyball, 78XD), Distance : 365 ft
Batting: RHB Júlio Hernández 0-0: Ball
1-0: Called Strike
1-1: Called Strike
1-2: Ground out 6-3 (Groundball, 6)
Top of the 4th over - 3 run(s), 2 hit(s), 1 error(s), 0 left on base; Erie 4 - Lee's Summit 2
BOTTOM OF THE 4TH
Lee's Summit Tigers batting - Pitching for Erie Jaxx : LHP Francisco Rodríguez
Batting: SHB Juan Glaviz 0-0: Ball
1-0: Ball
2-0: TRIPLE (Flyball, 8LD)
Batting: RHB César Martínez 0-0: Swinging Strike
0-1: Swinging Strike
0-2: Ball
1-2: Foul Ball, location: 2F
1-2: Strikes out looking
Batting: RHB Jesús Ramos 0-0: Swinging Strike
0-1: Ball
1-1: Fly out, F3 (Popup, 34)
Batting: LHB Dale Miller 0-0: Ball
1-0: Ball
2-0: Ball
3-0: Called Strike
3-1: Fly out, F7 (Flyball, 7D)
Bottom of the 4th over - 0 run(s), 1 hit(s), 0 error(s), 1 left on base; Erie 4 - Lee's Summit 2
TOP OF THE 5TH
Erie Jaxx batting - Pitching for Lee's Summit Tigers : LHP Jeff Sandusky
Batting: SHB José Durango 0-0: Ball
1-0: Ball
2-0: Foul Ball, location: 2F
2-1: SINGLE (Groundball, 34D)
Batting: SHB Michael Field 0-0: Called Strike
0-1: SINGLE (Groundball, 6MD)
José Durango to second
Runner from 2nd tries for 3rd, SAFE, throw made to third
Batting: LHB Josh Pérez 0-0: Ball
1-0: Swinging Strike
1-1: Foul Ball, location: 2F
1-2: Ball
2-2: Strikes out looking
Batting: LHB Kyle Robbins 0-0: Called Strike
0-1: Ball
1-1: Called Strike
1-2: Fly out, F8 (Flyball, 8RS)
Pitching: RHP Héctor Bernard
Batting: RHB Andrés Silva 0-0: Fielders Choice at 2nd, 4-6 (Groundball, 4)
Top of the 5th over - 0 run(s), 2 hit(s), 0 error(s), 1 left on base; Erie 4 - Lee's Summit 2
BOTTOM OF THE 5TH
Lee's Summit Tigers batting - Pitching for Erie Jaxx : LHP Francisco Rodríguez
Batting: RHB Steve Johnson 0-0: Called Strike
0-1: Swinging Strike
0-2: Ball
1-2: Ball
2-2: Strikes out looking
Batting: RHB Salvador Rodríguez 0-0: Ball
1-0: Ball
2-0: Ball
3-0: Called Strike
3-1: Called Strike
3-2: Ground out 6-3 (Groundball, 6M)
Batting: RHB Hubert MacDonald 0-0: Ball
1-0: Foul Ball, location: 2F
1-1: Reached on error, E8 (Line Drive, 8RM)
Batting: RHB Kyle Baylor 0-0: Swinging Strike
0-1: Ball
1-1: Called Strike
1-2: Ground out 1-3 (Groundball, 15S)
Bottom of the 5th over - 0 run(s), 0 hit(s), 1 error(s), 1 left on base; Erie 4 - Lee's Summit 2
TOP OF THE 6TH
Erie Jaxx batting - Pitching for Lee's Summit Tigers : RHP Héctor Bernard
Batting: RHB José Hernández 0-0: Ball
1-0: Ball
2-0: Ball
3-0: Base on Balls
Batting: RHB Ángel Serrano 0-0: Called Strike
Pickoff Throw to First - Out!
0-1: Called Strike
0-2: Ground out 6-3 (Groundball, 56)
Batting: RHB Ed Keesee 0-0: Ball
1-0: Swinging Strike
1-1: Swinging Strike
1-2: Strikes out swinging
Top of the 6th over - 0 run(s), 0 hit(s), 0 error(s), 0 left on base; Erie 4 - Lee's Summit 2
BOTTOM OF THE 6TH
Lee's Summit Tigers batting - Pitching for Erie Jaxx : LHP Francisco Rodríguez
Batting: RHB Steven Wright 0-0: Ball
1-0: Ground out 6-3 (Groundball, 6)
Batting: SHB Juan Glaviz 0-0: Ball
1-0: Called Strike
1-1: Called Strike
1-2: Ground out 5-3 (Groundball, 56S)
Batting: RHB César Martínez 0-0: Ball
1-0: Ball
2-0: Called Strike
2-1: Swinging Strike
2-2: Foul Ball, location: 2F
2-2: Strikes out swinging
Bottom of the 6th over - 0 run(s), 0 hit(s), 0 error(s), 0 left on base; Erie 4 - Lee's Summit 2
TOP OF THE 7TH
Erie Jaxx batting - Pitching for Lee's Summit Tigers : RHP Héctor Bernard
Batting: RHB Júlio Hernández 0-0: Ball
1-0: Ball
2-0: Called Strike
2-1: Foul Ball, location: 2F
2-2: Foul Ball, location: 2F
2-2: Foul Ball, location: 2F
2-2: Ground out 5-3 (Groundball, 25)
Batting: SHB José Durango 0-0: Foul Ball, location: 2F
0-1: Ball
1-1: Ground out 6-3 (Groundball, 6)
Batting: SHB Michael Field 0-0: Called Strike
0-1: Swinging Strike
0-2: Foul Ball, location: 2F
0-2: Ground out U3 (Groundball, 3)
Top of the 7th over - 0 run(s), 0 hit(s), 0 error(s), 0 left on base; Erie 4 - Lee's Summit 2
BOTTOM OF THE 7TH
Lee's Summit Tigers batting - Pitching for Erie Jaxx : LHP Francisco Rodríguez
Pitching: RHP Scott King
Batting: RHB Jesús Ramos 0-0: Foul Ball, location: 2F
0-1: Called Strike
0-2: Ball
1-2: Strikes out swinging
Batting: LHB Dale Miller 0-0: Foul Ball, location: 2F
0-1: Ball
1-1: Foul Ball, location: 2F
1-2: Ball
2-2: Strikes out looking
Batting: RHB Steve Johnson 0-0: Ball
1-0: Reached on error, E6 (Groundball, 56)
Batting: RHB Salvador Rodríguez 0-0: Called Strike
0-1: Ball
1-1: Swinging Strike
1-2: Foul Ball, location: 2F
1-2: Strikes out swinging
Bottom of the 7th over - 0 run(s), 0 hit(s), 1 error(s), 1 left on base; Erie 4 - Lee's Summit 2
TOP OF THE 8TH
Erie Jaxx batting - Pitching for Lee's Summit Tigers : RHP Héctor Bernard
Batting: LHB Josh Pérez 0-0: Ball
1-0: Ball
2-0: Called Strike
2-1: Swinging Strike
2-2: Ball
3-2: Foul Ball, location: 2F
3-2: Base on Balls
Batting: LHB Kyle Robbins 0-0: Called Strike
0-1: Called Strike
Josh Pérez steals 2nd base
0-2: Ball
1-2: Strikes out swinging
Batting: RHB Andrés Silva 0-0: Intentional Walk
Batting: RHB José Hernández 0-0: Ball
1-0: Foul Ball, location: 2F
1-1: Ball
Josh Pérez steals 3rd base
Andrés Silva to second
2-1: Swinging Strike
2-2: Ball
3-2: Foul Ball, location: 2F
3-2: Base on Balls
Pitching: RHP António Cruz
Batting: RHB Ángel Serrano 0-0: Ball
1-0: Called Strike
1-1: Ball
2-1: Ball
3-1: Base on Balls
Josh Pérez scores
Andrés Silva to third
José Hernández to second
Pinch Hitting: RHB William Wilson 0-0: Ball
1-0: Ball
2-0: Called Strike
2-1: SINGLE (Groundball, 6M) (infield hit)
Andrés Silva scores
José Hernández to third
Ángel Serrano to second
Batting: RHB Júlio Hernández 0-0: Called Strike
0-1: Ball
1-1: Ball
2-1: Fielders Choice at 2nd, 6-4 (Groundball, 6M)
José Hernández scores
Ángel Serrano to third
Batting: SHB José Durango 0-0: Ball
1-0: Ball
2-0: Ball
3-0: Called Strike
3-1: Swinging Strike
3-2: Strikes out swinging
Top of the 8th over - 3 run(s), 1 hit(s), 0 error(s), 2 left on base; Erie 7 - Lee's Summit 2
BOTTOM OF THE 8TH
Lee's Summit Tigers batting - Pitching for Erie Jaxx : RHP Scott King
Now at 2B: Alfredo Ramírez
Batting: RHB Hubert MacDonald 0-0: Called Strike
0-1: Ball
1-1: Ball
2-1: SINGLE (Flyball, 9S)
Batting: RHB Kyle Baylor 0-0: Ground out 5-3 (Groundball, 56S)
Hubert MacDonald to second
Batting: RHB Steven Wright 0-0: Ball
1-0: Called Strike
1-1: Ball
2-1: Ball
3-1: Called Strike
3-2: Base on Balls
Batting: SHB Juan Glaviz 0-0: 3-RUN HOME RUN (Flyball, 89XD), Distance : 371 ft
Pitching: RHP Carlos Olmedo
Batting: RHB César Martínez 0-0: Ball
1-0: Called Strike
1-1: Ground out 6-3 (Groundball, 6S)
Batting: RHB Jesús Ramos 0-0: Called Strike
0-1: Called Strike
0-2: Ball
1-2: Ball
2-2: Ball
3-2: Strikes out swinging
Bottom of the 8th over - 3 run(s), 2 hit(s), 0 error(s), 0 left on base; Erie 7 - Lee's Summit 5
TOP OF THE 9TH
Erie Jaxx batting - Pitching for Lee's Summit Tigers : RHP António Cruz
Batting: SHB Michael Field 0-0: Ball
1-0: Ball
2-0: Fly out, F8 (Flyball, 89D)
Batting: LHB Josh Pérez 0-0: Ball
1-0: Ball
2-0: Ball
3-0: Called Strike
3-1: Called Strike
3-2: Base on Balls
Batting: LHB Kyle Robbins 0-0: Called Strike
0-1: Swinging Strike
0-2: Ball
Throwing error on steal attempt, E2
Josh Pérez to third
1-2: Strikes out looking
Batting: RHB Andrés Silva 0-0: Called Strike
0-1: Ball
1-1: Ball
2-1: Ball
3-1: Base on Balls
Pinch Hitting: RHB Edgardo Castro 0-0: Ball
1-0: Swinging Strike
1-1: Foul Ball, location: 2F
1-2: SINGLE (Groundball, 6D)
Josh Pérez scores
Andrés Silva to second
Batting: RHB Ángel Serrano 0-0: Called Strike
0-1: Ball
1-1: Fly out, F7 (Flyball, 7S)
Top of the 9th over - 1 run(s), 1 hit(s), 1 error(s), 2 left on base; Erie 8 - Lee's Summit 5
BOTTOM OF THE 9TH
Lee's Summit Tigers batting - Pitching for Erie Jaxx : RHP Carlos Olmedo
Pitching: LHP Rafael Romero
Now at C: Edgardo Castro
Batting: LHB Dale Miller 0-0: Ball
1-0: Ball
2-0: Ball
3-0: Called Strike
3-1: Foul Ball, location: 2F
3-2: SINGLE (Groundball, 4S) (infield hit)
Batting: RHB Steve Johnson 0-0: Called Strike
0-1: Ball
1-1: Ball
2-1: Called Strike
2-2: Strikes out swinging
Batting: RHB Salvador Rodríguez 0-0: Called Strike
0-1: Called Strike
0-2: Strikes out looking
Batting: RHB Hubert MacDonald 0-0: Ball
Wild Pitch!
Dale Miller to second
1-0: Foul Ball, location: 2F
1-1: Foul Ball, location: 2F
1-2: Strikes out swinging
Bottom of the 9th over - 0 run(s), 1 hit(s), 0 error(s), 1 left on base; Erie 8 - Lee's Summit 5
Thursday, March 30th, 2017 - OOTP Baseball 17.12 Build 75